 Dungeon Crawl Stone Soup version 0.20.1-1-g8b1a95d (webtiles) character file.

168 SymbioosiTheGreat the Chopper (level 5, -5/47 HPs)
             Began as a Minotaur Berserker on Nov 2, 2017.
             Was a Believer of Trog.
             Killed by divine providence
             ... invoked by an orc priest
              (10 damage)
             ... on level 3 of the Dungeon.
             The game lasted 00:07:24 (2082 turns).

SymbioosiTheGreat the Chopper (Minotaur Berserker)  Turns: 2082, Time: 00:07:25

Health: -5/47      AC: 13    Str: 23    XL:     5   Next: 23%
Magic:  4/4        EV:  7    Int:  4    God:    Trog [**....]
Gold:   58         SH:  0    Dex:  9    Spells: 4/4 levels left

rFire    . . .     SeeInvis .   o - +1 war axe
rCold    . . .     Gourm    .   (no shield)
rNeg     . . .     Faith    +   q - +0 plate armour
rPois    +         Spirit   .   n - +1 hat
rElec    .         Reflect  .   (no cloak)
rCorr    .         Harm     .   (no gloves)
MR       .....                  l - +0 pair of boots
Stlth    ..........             r - amulet of faith
Regen    0.2/turn               i - ring of poison resistance
MPRegen  0.1/turn               (no ring)

@: no status effects
A: retaliatory headbutt, horns 2
a: Berserk, Trog's Hand, Burn Spellbooks, Renounce Religion


You were on level 3 of the Dungeon.
You worshipped Trog.
Trog was pleased with you.
You were hungry.

You visited 1 branch of the dungeon, and saw 3 of its levels.

You collected 58 gold pieces.

Inventory:

Hand Weapons
 o - a +1 war axe (weapon)
Armour
 l - a +0 pair of boots (worn)
 n - a +1 hat (worn)
 q - a +0 plate armour (worn)
Jewellery
 i - a ring of poison resistance (left hand)
 r - an amulet of faith (around neck)
Scrolls
 a - a scroll of recharging {unknown}
 b - a scroll of magic mapping
 k - a scroll of identify {unknown}
 m - a scroll of fog {unknown}
 p - a scroll of immolation {unknown}
 s - a scroll of enchant weapon
Potions
 e - 2 potions of resistance {unknown}
 g - 2 potions of curing {unknown}
 h - 2 potions of might {unknown}
 j - 2 potions of mutation {unknown}
Comestibles
 c - 2 bread rations
 d - a fruit
 f - 2 meat rations


   Skills:
 + Level 4.6 Fighting
 + Level 5.3 Axes
 + Level 3.9 Armour
 + Level 2.9 Dodging
 + Level 0.1 Stealth


You had 4 spell levels left.
You didn't know any spells.

Dungeon Overview and Level Annotations

Branches:
Dungeon (3/15)

Altars:
Vehumet
Xom


Innate Abilities, Weirdness & Mutations

You reflexively headbutt those who attack you in melee.
You have a pair of horns on your head.


Message History

You barely miss the orc priest.
The orc priest hits you but does no damage. x2
You hit the orc priest.
The orc priest is severely wounded.
You hit the orc priest but do no damage.
The orc priest barely misses you. You furiously retaliate!
You headbutt the orc priest, but do no damage.
The orc priest invokes the aid of Beogh against you.
Beogh smites you!
* * * LOW HITPOINT WARNING * * *
You are too injured to fight recklessly!
The orc priest calls down the wrath of Beogh upon you.
Pain shoots through your body!
* * * LOW HITPOINT WARNING * * *
Found a robe.
You hit the orc priest. Your headbutt misses the orc priest.
The orc priest is almost dead.
The orc priest calls down the wrath of Beogh upon you.
Beogh smites you!
You die...

#########.#.#
##########...........###
....#..........%........
........................
....................[?.#
......$...............#
[.......o)............#
......................#
.......@o............# #
.....................# #
...........#.......#.# #
....#.....########...# #
### ####### ##..# #
#..### ##.... .... #.##.
.... #.##.


You could see 2 orc priests.

Vanquished Creatures
  Purgy (D:3)
  An adder (D:2)
  An adder zombie (D:3)
  A worm (D:2)
  A leopard gecko (D:1)
  4 orcs (D:3)
  7 giant cockroaches
  8 goblins
  4 hobgoblins
  A quokka (D:3)
  2 ball pythons (D:3)
  4 bats
  3 frilled lizards
  4 kobolds
  9 rats
51 creatures vanquished.

Notes
Turn   | Place    | Note
-------+----------+-------------------------------------------
     0 | D:1      | SymbioosiTheGreat the Minotaur Berserker began the quest for the Orb.
     0 | D:1      | Reached XP level 1. HP: 19/19 MP: 0/0
   302 | D:1      | Reached skill level 4 in Axes
   302 | D:1      | Reached XP level 2. HP: 27/27 MP: 1/1
  1218 | D:2      | Reached XP level 3. HP: 23/33 MP: 2/2
  1248 | D:2      | Found a radiant altar of Vehumet.
  1285 | D:2      | Reached ** piety under Trog
  1373 | D:2      | Found a shimmering altar of Xom.
  1820 | D:3      | Reached XP level 4. HP: 40/40 MP: 3/3
  1895 | D:3      | Noticed Purgy
  1911 | D:3      | Killed Purgy
  1911 | D:3      | Reached skill level 5 in Axes
  1911 | D:3      | Reached XP level 5. HP: 24/47 MP: 4/4
  2082 | D:3      | Killed from afar by an orc priest

Skill      XL: |  1  2  3  4 |
---------------+-------------+-----
Axes           | 4 5 |  5.3
Fighting       | 4 |  4.6
Armour         | 3 |  3.9
Dodging        | |  2.9
Stealth        | |  0.1

Action                   |  1- 3 |  4- 6 || total
-------------------------+-------+-------++-------
Melee: Hand axe          |    47 |       ||    47
       Headbutt          |    11 |     3 ||    14
       War axe           |    30 |    20 ||    50
  Use: Scroll            |     4 |       ||     4
  Eat: Fruit             |     1 |     1 ||     2
       Chunk             |     1 |       ||     1
Armor: Animal skin       |     2 |       ||     2
       Scale mail        |    11 |       ||    11
       Ring mail         |     5 |       ||     5
       Leather armour    |     1 |       ||     1
       Plate armour      |    22 |    42 ||    64
Dodge: Dodged            |    47 |    14 ||    61
